WCHLSIM.com - West Coast Hockey League
html PUBLIC "-//W3C//DTD XHTML 1.0 Transitional//EN" "http://www.w3.org/TR/xhtml1/DTD/xhtml1-transitional.dtd"> WCHL - Game 336 - BOISE CARIBOUS vs SALEM BLACK JAYS

BOISE CARIBOUS vs SALEM BLACK JAYS

Created - 29 novembre 2023 at 21:19

Goals
1 2 3 T
BOISE CARIBOUS 2 1 0 3
SALEM BLACK JAYS 1 1 2 4
Shots
1 2 3 T
BOISE CARIBOUS 13 9 8 30
SALEM BLACK JAYS 9 8 8 25

1st period

1. SALEM BLACK JAYS , Dylan Cozens 11 (Daniel Sprong 9, Matt Benning 6) at 1:43
2. BOISE CARIBOUS , Moritz Seider 4 (Jean-Gabriel Pageau 10) at 15:28 (PP)
3. BOISE CARIBOUS , Nick Schmaltz 8 (Tim Stutzle 14, Rasmus Dahlin 15) at 16:40

Penalties :
Mathew Barzal (SAL) for Interference (Minor) at 14:01, Marcus Pettersson (BOI) for Hooking (Minor) at 18:08

2nd period

4. BOISE CARIBOUS , Nick Schmaltz 9 (Tim Stutzle 15, Vincent Trocheck 13) at 2:59
5. SALEM BLACK JAYS , Mitchell Marner 12 (Mikko Rantanen 20, Mathew Barzal 15) at 9:20

Penalties :
Barrett Hayton (SAL) for Elbowing (Minor) at 13:43, Troy Stecher (BOI) for Interference (Minor) at 13:43

3rd period

6. SALEM BLACK JAYS , Mikko Rantanen 10 (Mitchell Marner 18, Mathew Barzal 16) at 17:14
7. SALEM BLACK JAYS , Dylan Larkin 9 (Martin Necas 11, Barrett Hayton 7) at 18:46

Penalties :
No Penalty

Goalie Stats

Ilya Sorokin (BOI), 21 saves from 25 shots - (0,840), L, 10-7-2, 58:52 minutes
Juuse Saros (SAL), 27 saves from 30 shots - (0,900), W, 14-8-1, 60:00 minutes

Players Stats for BOISE CARIBOUS

Player Name              G  A  P  +/- PIM S  H  SB GA TA FO     MP     PP MP  PK MP  
------------------------------------------------------------------------------------
Artturi Lehkonen         0  0  0  -1  0   6  0  1  0  0  2/2    18:06   1:05   0:00 
Charlie Coyle            0  0  0  -2  0   2  0  1  0  0  5/13   14:45   0:00   1:11 
Dylan DeMelo             0  0  0  -2  0   0  3  2  0  0  0/0    18:03   0:00   1:06 
Gabriel Vilardi          0  0  0  -2  0   2  0  0  0  0  0/0    13:34   0:00   0:00 
Jean-Gabriel Pageau      0  1  1  -1  0   2  0  0  0  0  14/17  17:24   0:22   0:48 
Jesperi Kotkaniemi       0  0  0   0  0   0  2  0  0  0  4/9     8:15   0:00   0:03 
Kaapo Kakko              0  0  0   0  0   0  0  0  0  0  0/0     7:13   0:00   0:00 
Kirill Marchenko         0  0  0   0  0   0  0  0  0  0  1/1     7:13   0:00   0:00 
Lawson Crouse            0  0  0  -2  0   1  0  0  0  0  0/0    14:04   0:22   1:08 
Marcus Pettersson        0  0  0   0  2   0  1  4  0  0  0/0    20:08   0:00   0:00 
Matt Duchene             0  0  0  -1  0   1  0  0  0  0  0/0    16:36   0:22   0:00 
Moritz Seider            1  0  1   0  0   1  1  0  0  0  0/0    20:22   0:22   0:50 
Nick Schmaltz            2  0  2   1  0   5  0  0  0  0  0/0    18:52   1:05   0:00 
Rasmus Andersson         0  0  0   0  0   1  0  2  0  0  0/0    21:42   0:22   0:53 
Rasmus Dahlin            0  1  1   0  0   4  1  0  0  0  0/0    22:38   1:05   1:06 
Tim Stutzle              0  2  2   1  0   1  0  0  0  0  1/2    20:38   1:05   0:00 
Troy Stecher             0  0  0  -2  2   0  1  1  0  0  0/0    16:00   0:00   0:03 
Vincent Trocheck         0  1  1   1  0   4  1  0  0  0  13/19  20:27   1:05   0:48 

Players Stats for SALEM BLACK JAYS

Player Name              G  A  P  +/- PIM S  H  SB GA TA FO     MP     PP MP  PK MP  
------------------------------------------------------------------------------------
Barrett Hayton           0  1  1   0  2   1  0  0  0  0  0/0    17:13   0:48   0:32 
Cody Ceci                0  0  0   1  0   0  2  2  0  0  0/0    20:18   0:48   0:36 
Colin Miller             0  0  0   2  0   1  1  1  0  0  0/0    15:55   0:00   0:00 
Daniel Sprong            0  1  1   1  0   3  0  0  0  0  0/1    11:28   0:00   0:00 
Dylan Cozens             1  0  1   1  0   1  0  0  0  0  4/11   12:16   0:48   0:00 
Dylan Larkin             1  0  1   0  0   7  1  1  0  0  8/17   18:11   1:11   0:00 
Filip Chytil             0  0  0   0  0   0  1  0  0  0  3/5     8:13   0:00   0:00 
Josh Archibald           0  0  0   1  0   1  2  0  0  0  0/0    12:00   0:00   0:32 
Joshua Morrissey         0  0  0  -1  0   3  4  2  0  0  0/0    23:47   1:11   0:51 
Martin Necas             0  1  1   0  0   0  0  0  0  0  0/1    17:55   0:00   0:55 
Mathew Barzal            0  2  2   1  2   2  0  0  0  0  6/19   19:47   0:48   0:00 
Matt Benning             0  1  1   2  0   0  2  3  0  0  0/0    15:55   0:00   0:00 
Maxime Comtois           0  0  0   0  0   0  1  0  0  0  0/0     8:13   0:00   0:00 
Mikko Rantanen           1  1  2   1  0   3  1  0  0  0  1/2    21:04   1:11   0:00 
Mitchell Marner          1  1  2   1  0   2  1  0  0  0  1/2    21:04   1:11   0:00 
Nick Jensen              0  0  0  -1  0   0  2  0  0  0  0/0    23:47   1:11   0:51 
Scott Mayfield           0  0  0   1  0   1  0  1  0  0  0/0    20:18   0:48   0:36 
Theodor Blueger          0  0  0   0  0   0  0  0  0  0  0/5     9:08   0:00   0:55 

3 Stars

1 - Nick Schmaltz (BOI)
2 - Mikko Rantanen (SAL)
3 - Mitchell Marner (SAL)

Power Play

BOISE CARIBOUS - 1 on 1 Attempt(s) - 100,00%
SALEM BLACK JAYS - 0 on 1 Attempt(s) - 0,00%

Penalty Kill

BOISE CARIBOUS - 1 on 1 Attempt(s) - 100,00% - Score 0 goal in Penalty Kill
SALEM BLACK JAYS - 0 on 1 Attempt(s) - 0,00% - Score 0 goal in Penalty Kill

Team Stat

BOISE CARIBOUS - Hits : 10 - Faceoff Wins : 40 - Blocked Shots : 11 - Penalty Minutes : 4
SALEM BLACK JAYS - Hits : 18 - Faceoff Wins : 23 - Blocked Shots : 10 - Penalty Minutes : 4

Official

Referees : Dan Kelly and Adam Bloski
Linesman : Brent Hooks and Steve Miller

Game Notes

No Game Note

Finance

Level 1 -- Attendance: 6000 (100,00%) -- Ticket Income 918 000 $
Level 2 -- Attendance: 5000 (100,00%) -- Ticket Income 535 000 $
Level 3 -- Attendance: 2000 (100,00%) -- Ticket Income 162 000 $
Level 4 -- Attendance: 4000 (100,00%) -- Ticket Income 232 000 $
Luxury Box -- Attendance: 1000 (100,00%) -- Ticket Income 278 000 $
Game was played at the Demon Arena.
Total Attendance: 18000 (100,00%)
Total Ticket Income: 2 125 000 $
Other Expense: 21 250 $
Total Income: 2 103 750 $

BOISE CARIBOUS

5 vs 5 Forward 
   Center                   Left Wing                Right Wing               Time % Phy DF OF 
 1 Vincent Trocheck         Tim Stutzle              Nick Schmaltz            34     1   2  2  
 2 Jean-Gabriel Pageau      Artturi Lehkonen         Matt Duchene             32     1   2  2  
 3 Charlie Coyle            Lawson Crouse            Gabriel Vilardi          24     1   2  2  
 4 Jesperi Kotkaniemi       Kirill Marchenko         Kaapo Kakko              10     1   2  2  

5 vs 5 Defense 
   Defense                  Defense                                           Time % Phy DF OF 
 1 Rasmus Dahlin            Rasmus Andersson                                  36     1   2  2  
 2 Marcus Pettersson        Moritz Seider                                     36     1   2  2  
 3 Troy Stecher             Dylan DeMelo                                      28     1   3  1  
 4 Troy Stecher             Dylan DeMelo                                      0      0   5  0  

PowerPlay Forward 
   Center                   Left Wing                Right Wing               Time % Phy DF OF 
 1 Vincent Trocheck         Tim Stutzle              Nick Schmaltz            55     0   1  4  
 2 Jean-Gabriel Pageau      Lawson Crouse            Matt Duchene             45     0   1  4  

PowerPlay Defense
   Defense                  Defense                                           Time % Phy DF OF 
 1 Rasmus Dahlin            Artturi Lehkonen                                  55     0   1  4  
 2 Rasmus Andersson         Moritz Seider                                     45     0   2  3  

Penalty Kill 4 Players Forward 
   Center                   Wing                     Time % Phy DF OF 
 1 Jean-Gabriel Pageau      Charlie Coyle            55     0   4  1  
 2 Vincent Trocheck         Lawson Crouse            45     0   4  1  

Penalty Kill 4 Players Defense
   Defense                  Defense                  Time % Phy DF OF 
 1 Moritz Seider            Rasmus Andersson         55     1   4  0  
 2 Rasmus Dahlin            Dylan DeMelo             45     1   3  1  

Penalty Kill - 3 Players Forward 
   Forward                                           Time % Phy DF OF 
 1 Jesperi Kotkaniemi                                55     1   2  2  
 2 Kaapo Kakko                                       45     1   2  2  

Penalty Kill - 3 Players Defense
   Defense                  Defense                  Time % Phy DF OF 
 1 Marcus Pettersson        Troy Stecher             55     1   2  2  
 2 Rasmus Andersson         Moritz Seider            45     1   2  2  

4 vs 4 Forward 
   Center                   Wing                     Time % Phy DF OF 
 1 Jesperi Kotkaniemi       Tim Stutzle              55     1   2  2  
 2 Charlie Coyle            Gabriel Vilardi          45     1   2  2  

4 vs 4 Defense
   Defense                  Defense                  Time % Phy DF OF 
 1 Rasmus Dahlin            Rasmus Andersson         55     1   2  2  
 2 Dylan DeMelo             Marcus Pettersson        45     1   2  2  

Last Minutes Offensive
   Center                   Left Wing                Right Wing               Defense                  Defense                  
   Vincent Trocheck         Tim Stutzle              Artturi Lehkonen         Rasmus Dahlin            Rasmus Andersson         

Last Minutes Defensive
   Center                   Left Wing                Right Wing               Defense                  Defense                  
   Jean-Gabriel Pageau      Tim Stutzle              Charlie Coyle            Rasmus Dahlin            Moritz Seider            

Goaltenders
Starting : Ilya Sorokin             
Backup : Brian Elliott            

Extra Forwards
Normal : Matt Duchene, Gabriel Vilardi, Kirill Marchenko - PP : Kirill Marchenko, Tim Stutzle - PK : Lawson Crouse
Extra Defensemen
Normal : Dylan DeMelo, Troy Stecher, Moritz Seider - PP : Dylan DeMelo - PK : Troy Stecher, Marcus Pettersson
Penalty Shots
Tim Stutzle, Artturi Lehkonen, Vincent Trocheck, Nick Schmaltz, Matt Duchene
Custom OT Lines Forwards
Tim Stutzle, Artturi Lehkonen, Vincent Trocheck, Charlie Coyle, Kaapo Kakko, Nick Schmaltz, Matt Duchene, Lawson Crouse, Gabriel Vilardi, Jesperi Kotkaniemi
Custom OT Lines Defensemen
Rasmus Dahlin, Rasmus Andersson, Moritz Seider, Marcus Pettersson, Dylan DeMelo

Scratches
None

SALEM BLACK JAYS

5 vs 5 Forward 
   Center                   Left Wing                Right Wing               Time % Phy DF OF 
 1 Mathew Barzal            Mikko Rantanen           Mitchell Marner          36     1   2  2  
 2 Dylan Larkin             Barrett Hayton           Martin Necas             31     1   2  2  
 3 Dylan Cozens             Daniel Sprong            Josh Archibald           23     1   2  2  
 4 Filip Chytil             Maxime Comtois           Theodor Blueger          10     1   2  2  

5 vs 5 Defense 
   Defense                  Defense                                           Time % Phy DF OF 
 1 Joshua Morrissey         Nick Jensen                                       36     1   2  2  
 2 Scott Mayfield           Cody Ceci                                         31     1   2  2  
 3 Matt Benning             Colin Miller                                      23     1   2  2  
 4 Joshua Morrissey         Nick Jensen                                       10     1   2  2  

PowerPlay Forward 
   Center                   Left Wing                Right Wing               Time % Phy DF OF 
 1 Dylan Larkin             Mikko Rantanen           Mitchell Marner          55     1   2  2  
 2 Dylan Cozens             Barrett Hayton           Mathew Barzal            45     1   2  2  

PowerPlay Defense
   Defense                  Defense                                           Time % Phy DF OF 
 1 Joshua Morrissey         Nick Jensen                                       55     1   2  2  
 2 Scott Mayfield           Cody Ceci                                         45     1   2  2  

Penalty Kill 4 Players Forward 
   Center                   Wing                     Time % Phy DF OF 
 1 Theodor Blueger          Martin Necas             55     1   2  2  
 2 Barrett Hayton           Josh Archibald           45     1   2  2  

Penalty Kill 4 Players Defense
   Defense                  Defense                  Time % Phy DF OF 
 1 Joshua Morrissey         Nick Jensen              55     1   2  2  
 2 Scott Mayfield           Cody Ceci                45     1   2  2  

Penalty Kill - 3 Players Forward 
   Forward                                           Time % Phy DF OF 
 1 Theodor Blueger                                   55     1   2  2  
 2 Martin Necas                                      45     1   2  2  

Penalty Kill - 3 Players Defense
   Defense                  Defense                  Time % Phy DF OF 
 1 Joshua Morrissey         Nick Jensen              55     1   2  2  
 2 Scott Mayfield           Cody Ceci                45     1   2  2  

4 vs 4 Forward 
   Center                   Wing                     Time % Phy DF OF 
 1 Mikko Rantanen           Mitchell Marner          55     1   2  2  
 2 Dylan Larkin             Martin Necas             45     1   2  2  

4 vs 4 Defense
   Defense                  Defense                  Time % Phy DF OF 
 1 Joshua Morrissey         Nick Jensen              55     1   2  2  
 2 Scott Mayfield           Cody Ceci                45     1   2  2  

Last Minutes Offensive
   Center                   Left Wing                Right Wing               Defense                  Defense                  
   Mikko Rantanen           Barrett Hayton           Mitchell Marner          Joshua Morrissey         Nick Jensen              

Last Minutes Defensive
   Center                   Left Wing                Right Wing               Defense                  Defense                  
   Mikko Rantanen           Barrett Hayton           Mitchell Marner          Joshua Morrissey         Nick Jensen              

Goaltenders
Starting : Juuse Saros              
Backup : Anthony Stolarz          

Extra Forwards
Normal : Filip Chytil, Theodor Blueger, Mathew Barzal - PP : Filip Chytil, Theodor Blueger - PK : Mathew Barzal
Extra Defensemen
Normal : Matt Benning, Colin Miller, Scott Mayfield - PP : Matt Benning - PK : Colin Miller, Scott Mayfield
Penalty Shots
Mikko Rantanen, Mitchell Marner, Dylan Larkin, Martin Necas, Mathew Barzal
Custom OT Lines Forwards
Mikko Rantanen, Mitchell Marner, Dylan Larkin, Martin Necas, Mathew Barzal, Dylan Cozens, Barrett Hayton, Filip Chytil, Daniel Sprong, Theodor Blueger
Custom OT Lines Defensemen
Joshua Morrissey, Nick Jensen, Scott Mayfield, Cody Ceci, Matt Benning

Scratches
Josh Brown (Healthy), Marcus Bjork (Healthy)

% Time on Ice - BOISE CARIBOUS

Lines # - Real PCT - Wanted PCT - Time Play
Normal Forward
1 - 33% - 34% - 17:47
2 - 30% - 32% - 16:14
3 - 23% - 24% - 12:34
4 - 13% - 10% - 7:13
Normal Defense
1 - 35% - 36% - 18:40
2 - 36% - 36% - 19:10
3 - 30% - 28% - 15:58
4 - 0% - 0% - 0:00
PP Forward
1 - 75% - 55% - 1:05
2 - 25% - 45% - 0:22
PP Defense
1 - 75% - 55% - 1:05
2 - 25% - 45% - 0:22
PK Forward
1 - 60% - 55% - 1:11
2 - 40% - 45% - 0:48
PK Defense
1 - 45% - 55% - 0:53
2 - 55% - 45% - 1:06
PK3 Forward
1 - 0% - 55%
2 - 0% - 45%
PK3 Defense
1 - 0% - 55%
2 - 0% - 45%
44 Forward
1 - 50% - 55% - 0:59
2 - 50% - 45% - 1:00
44 Defense
1 - 50% - 55% - 1:00
2 - 50% - 45% - 0:59
Last Minute Offensive  - 0:47
Last Minute Defensive  - 0:00
Total
Forward - 60:00
Defense - 60:00

% Time on Ice - SALEM BLACK JAYS

Lines # - Real PCT - Wanted PCT - Time Play
Normal Forward
1 - 35% - 36% - 19:00
2 - 29% - 31% - 15:41
3 - 21% - 23% - 11:28
4 - 15% - 10% - 8:13
Normal Defense
1 - 32% - 36% - 17:33
2 - 32% - 31% - 17:35
3 - 29% - 23% - 15:55
4 - 6% - 10% - 3:19
PP Forward
1 - 60% - 55% - 1:11
2 - 40% - 45% - 0:48
PP Defense
1 - 60% - 55% - 1:11
2 - 40% - 45% - 0:48
PK Forward
1 - 63% - 55% - 0:55
2 - 37% - 45% - 0:32
PK Defense
1 - 59% - 55% - 0:51
2 - 41% - 45% - 0:36
PK3 Forward
1 - 0% - 55%
2 - 0% - 45%
PK3 Defense
1 - 0% - 55%
2 - 0% - 45%
44 Forward
1 - 34% - 55% - 0:40
2 - 66% - 45% - 1:19
44 Defense
1 - 34% - 55% - 0:40
2 - 66% - 45% - 1:19
Last Minute Offensive  - 0:00
Last Minute Defensive  - 0:13
Total
Forward - 60:00
Defense - 60:00

Play-by-Play

1st period


0:01 of 1st period - Mathew Barzal wins face-off versus Tim Stutzle in neutral zone.
0:10 of 1st period - Shot by Mitchell Marner.
0:10 of 1st period - Shot Misses the Net.
0:26 of 1st period - Shot by Vincent Trocheck.
0:26 of 1st period - Stopped by Juuse Saros with a rebound.
0:55 of 1st period - Icing by Rasmus Dahlin.
0:56 of 1st period - Dylan Larkin wins face-off versus Vincent Trocheck in BOISE CARIBOUS zone.
1:11 of 1st period - Shot by Barrett Hayton.
1:11 of 1st period - Stopped by Ilya Sorokin with a rebound.
1:13 of 1st period - Shot by Scott Mayfield.
1:13 of 1st period - Stopped by Ilya Sorokin without a rebound.
1:14 of 1st period - Jean-Gabriel Pageau wins face-off versus Dylan Cozens in BOISE CARIBOUS zone.
1:20 of 1st period - Off-side.
1:21 of 1st period - Dylan Cozens wins face-off versus Charlie Coyle in neutral zone.
1:24 of 1st period - Dylan DeMelo is hit by Josh Archibald and loses puck.
1:41 of 1st period - Shot by Dylan Cozens.
1:41 of 1st period - Shot Hit the Post.
1:43 of 1st period - Shot by Dylan Cozens.
1:43 of 1st period - Goal by Dylan Cozens - BOISE CARIBOUS : 0 - SALEM BLACK JAYS : 1.
1:44 of 1st period - Jean-Gabriel Pageau wins face-off versus Dylan Larkin in neutral zone.
1:55 of 1st period - Shot by Dylan Larkin.
1:55 of 1st period - Stopped by Ilya Sorokin without a rebound.
1:56 of 1st period - Filip Chytil wins face-off versus Jesperi Kotkaniemi in BOISE CARIBOUS zone.
2:28 of 1st period - Theodor Blueger is hit by Moritz Seider and loses puck.
2:56 of 1st period - Shot by Artturi Lehkonen.
2:56 of 1st period - Stopped by Juuse Saros without a rebound.
2:57 of 1st period - Dylan Larkin wins face-off versus Charlie Coyle in SALEM BLACK JAYS zone.
3:02 of 1st period - Rasmus Dahlin is hit by Dylan Larkin.
3:29 of 1st period - Off-side.
3:30 of 1st period - Jean-Gabriel Pageau wins face-off versus Mathew Barzal in neutral zone.
3:39 of 1st period - Shot by Jean-Gabriel Pageau.
3:39 of 1st period - Deflect By Artturi Lehkonen.
3:39 of 1st period - Shot Misses the Net.
3:51 of 1st period - Shot by Mitchell Marner.
3:51 of 1st period - Shot Blocked by Dylan DeMelo.
4:11 of 1st period - Shot by Mathew Barzal.
4:11 of 1st period - Shot Blocked by Troy Stecher.
4:37 of 1st period - Nick Schmaltz is hit by Joshua Morrissey and loses puck.
5:15 of 1st period - Tim Stutzle is hit by Cody Ceci and loses puck.
5:30 of 1st period - Shot by Barrett Hayton.
5:30 of 1st period - Shot Misses the Net.
5:59 of 1st period - Shot by Rasmus Dahlin.
5:59 of 1st period - Stopped by Juuse Saros without a rebound.
6:00 of 1st period - Artturi Lehkonen wins face-off versus Mathew Barzal in SALEM BLACK JAYS zone.
6:06 of 1st period - Icing by Mikko Rantanen.
6:07 of 1st period - Jean-Gabriel Pageau wins face-off versus Mathew Barzal in SALEM BLACK JAYS zone.
6:07 of 1st period - Artturi Lehkonen is hit by Matt Benning and loses puck.
6:24 of 1st period - Shot by Mathew Barzal.
6:24 of 1st period - Stopped by Ilya Sorokin with a rebound.
6:26 of 1st period - Shot by Mikko Rantanen.
6:26 of 1st period - Stopped by Ilya Sorokin with a rebound.
6:28 of 1st period - Shot by Mitchell Marner.
6:28 of 1st period - Shot Blocked by Rasmus Andersson.
6:48 of 1st period - Shot by Jean-Gabriel Pageau.
6:48 of 1st period - Shot Blocked by Matt Benning.
8:05 of 1st period - Icing by Marcus Pettersson.
8:06 of 1st period - Filip Chytil wins face-off versus Vincent Trocheck in BOISE CARIBOUS zone.
8:48 of 1st period - Shot by Lawson Crouse.
8:48 of 1st period - Shot Blocked by Scott Mayfield.
9:01 of 1st period - Charlie Coyle is hit by Cody Ceci and loses puck.
9:52 of 1st period - Artturi Lehkonen is hit by Joshua Morrissey.
10:39 of 1st period - Kirill Marchenko is hit by Joshua Morrissey and loses puck.
11:39 of 1st period - Shot by Dylan Larkin.
11:39 of 1st period - Stopped by Ilya Sorokin without a rebound.
11:40 of 1st period - Dylan Cozens wins face-off versus Charlie Coyle in BOISE CARIBOUS zone.
12:05 of 1st period - Shot by Josh Archibald.
12:05 of 1st period - Stopped by Ilya Sorokin without a rebound.
12:06 of 1st period - Jean-Gabriel Pageau wins face-off versus Dylan Larkin in BOISE CARIBOUS zone.
12:17 of 1st period - Shot by Dylan Larkin.
12:17 of 1st period - Stopped by Ilya Sorokin without a rebound.
12:18 of 1st period - Vincent Trocheck wins face-off versus Dylan Larkin in BOISE CARIBOUS zone.
12:35 of 1st period - Shot by Tim Stutzle.
12:35 of 1st period - Deflect By Vincent Trocheck.
12:35 of 1st period - Stopped by Juuse Saros without a rebound.
12:36 of 1st period - Jean-Gabriel Pageau wins face-off versus Daniel Sprong in SALEM BLACK JAYS zone.
13:38 of 1st period - Icing by Moritz Seider.
13:39 of 1st period - Charlie Coyle wins face-off versus Mathew Barzal in BOISE CARIBOUS zone.
13:53 of 1st period - Moritz Seider is hit by Matt Benning and loses puck.
14:01 of 1st period - Minor Penalty to Mathew Barzal for Interference.
14:02 of 1st period - Vincent Trocheck wins face-off versus Theodor Blueger in SALEM BLACK JAYS zone.
14:03 of 1st period - Shot by Rasmus Dahlin.
14:03 of 1st period - Shot Misses the Net.
14:09 of 1st period - Shot by Rasmus Dahlin.
14:09 of 1st period - Stopped by Juuse Saros with a rebound.
14:16 of 1st period - Shot by Rasmus Dahlin.
14:16 of 1st period - Shot Misses the Net.
14:18 of 1st period - Shot by Rasmus Dahlin.
14:18 of 1st period - Shot Misses the Net.
14:20 of 1st period - Shot by Rasmus Dahlin.
14:20 of 1st period - Stopped by Juuse Saros without a rebound.
14:21 of 1st period - Jean-Gabriel Pageau wins face-off versus Theodor Blueger in SALEM BLACK JAYS zone.
14:40 of 1st period - Shot by Lawson Crouse.
14:40 of 1st period - Stopped by Juuse Saros without a rebound.
14:41 of 1st period - Vincent Trocheck wins face-off versus Theodor Blueger in SALEM BLACK JAYS zone.
15:26 of 1st period - Shot by Artturi Lehkonen.
15:26 of 1st period - Stopped by Juuse Saros without a rebound.
15:27 of 1st period - Jean-Gabriel Pageau wins face-off versus Theodor Blueger in SALEM BLACK JAYS zone.
15:28 of 1st period - Shot by Moritz Seider.
15:28 of 1st period - Goal by Moritz Seider - BOISE CARIBOUS : 1 - SALEM BLACK JAYS : 1.
15:29 of 1st period - Charlie Coyle wins face-off versus Dylan Larkin in neutral zone.
16:10 of 1st period - Shot by Gabriel Vilardi.
16:10 of 1st period - Shot Misses the Net.
16:38 of 1st period - Shot by Tim Stutzle.
16:38 of 1st period - Shot Misses the Net.
16:40 of 1st period - Shot by Nick Schmaltz.
16:40 of 1st period - Goal by Nick Schmaltz - BOISE CARIBOUS : 2 - SALEM BLACK JAYS : 1.
16:41 of 1st period - Jean-Gabriel Pageau wins face-off versus Mathew Barzal in neutral zone.
16:50 of 1st period - Shot by Artturi Lehkonen.
16:50 of 1st period - Stopped by Juuse Saros without a rebound.
16:51 of 1st period - Mathew Barzal wins face-off versus Vincent Trocheck in SALEM BLACK JAYS zone.
16:59 of 1st period - Icing by Rasmus Dahlin.
17:00 of 1st period - Vincent Trocheck wins face-off versus Mathew Barzal in BOISE CARIBOUS zone.
17:00 of 1st period - Vincent Trocheck is hit by Mitchell Marner.
17:10 of 1st period - Shot by Nick Schmaltz.
17:10 of 1st period - Stopped by Juuse Saros without a rebound.
17:11 of 1st period - Jean-Gabriel Pageau wins face-off versus Dylan Cozens in SALEM BLACK JAYS zone.
17:30 of 1st period - Shot by Artturi Lehkonen.
17:30 of 1st period - Stopped by Juuse Saros with a rebound.
18:08 of 1st period - Minor Penalty to Marcus Pettersson for Hooking.
18:09 of 1st period - Vincent Trocheck wins face-off versus Dylan Larkin in BOISE CARIBOUS zone.
18:24 of 1st period - Shot by Mikko Rantanen.
18:24 of 1st period - Shot Misses the Net.
Goals for this period are 2 for BOISE CARIBOUS vs 1 for SALEM BLACK JAYS.
Shots for this period are 13 for BOISE CARIBOUS vs 9 for SALEM BLACK JAYS.

2nd period


0:01 of 2nd period - Dylan Larkin wins face-off versus Jean-Gabriel Pageau in neutral zone.
0:20 of 2nd period - Shot by Daniel Sprong.
0:20 of 2nd period - Stopped by Ilya Sorokin without a rebound.
0:21 of 2nd period - Vincent Trocheck wins face-off versus Mathew Barzal in BOISE CARIBOUS zone.
0:27 of 2nd period - Tim Stutzle is hit by Joshua Morrissey and loses puck.
0:30 of 2nd period - Shot by Tim Stutzle.
0:30 of 2nd period - Shot Misses the Net.
0:32 of 2nd period - Shot by Rasmus Andersson.
0:32 of 2nd period - Shot Misses the Net.
0:34 of 2nd period - Shot by Vincent Trocheck.
0:34 of 2nd period - Stopped by Juuse Saros without a rebound.
0:35 of 2nd period - Jean-Gabriel Pageau wins face-off versus Dylan Larkin in SALEM BLACK JAYS zone.
0:52 of 2nd period - Shot by Martin Necas.
0:52 of 2nd period - Shot Misses the Net.
0:54 of 2nd period - Shot by Barrett Hayton.
0:54 of 2nd period - Deflect By Dylan Larkin.
0:54 of 2nd period - Stopped by Ilya Sorokin without a rebound.
0:55 of 2nd period - Mathew Barzal wins face-off versus Vincent Trocheck in BOISE CARIBOUS zone.
1:08 of 2nd period - Shot by Tim Stutzle.
1:08 of 2nd period - Shot Misses the Net.
1:33 of 2nd period - Shot by Mitchell Marner.
1:33 of 2nd period - Shot Blocked by Rasmus Andersson.
1:35 of 2nd period - Shot by Mikko Rantanen.
1:35 of 2nd period - Stopped by Ilya Sorokin with a rebound.
1:37 of 2nd period - Shot by Joshua Morrissey.
1:37 of 2nd period - Stopped by Ilya Sorokin without a rebound.
1:38 of 2nd period - Dylan Larkin wins face-off versus Charlie Coyle in BOISE CARIBOUS zone.
2:08 of 2nd period - Barrett Hayton is hit by Troy Stecher and loses puck.
2:33 of 2nd period - Icing by Charlie Coyle.
2:34 of 2nd period - Mitchell Marner wins face-off versus Charlie Coyle in BOISE CARIBOUS zone.
2:59 of 2nd period - Shot by Nick Schmaltz.
2:59 of 2nd period - Goal by Nick Schmaltz - BOISE CARIBOUS : 3 - SALEM BLACK JAYS : 1.
3:00 of 2nd period - Tim Stutzle wins face-off versus Dylan Cozens in neutral zone.
3:05 of 2nd period - Shot by Tim Stutzle.
3:05 of 2nd period - Shot Misses the Net.
3:29 of 2nd period - Icing by Colin Miller.
3:30 of 2nd period - Dylan Cozens wins face-off versus Jean-Gabriel Pageau in SALEM BLACK JAYS zone.
3:51 of 2nd period - Shot by Artturi Lehkonen.
3:51 of 2nd period - Shot Misses the Net.
3:53 of 2nd period - Shot by Marcus Pettersson.
3:53 of 2nd period - Shot Misses the Net.
3:55 of 2nd period - Shot by Artturi Lehkonen.
3:55 of 2nd period - Shot Misses the Net.
4:01 of 2nd period - Shot by Jean-Gabriel Pageau.
4:01 of 2nd period - Shot Blocked by Matt Benning.
4:03 of 2nd period - Shot by Artturi Lehkonen.
4:03 of 2nd period - Shot Misses the Net.
4:05 of 2nd period - Shot by Artturi Lehkonen.
4:05 of 2nd period - Shot Misses the Net.
4:45 of 2nd period - Shot by Rasmus Dahlin.
4:45 of 2nd period - Stopped by Juuse Saros without a rebound.
4:46 of 2nd period - Kirill Marchenko wins face-off versus Dylan Larkin in SALEM BLACK JAYS zone.
5:10 of 2nd period - Shot by Martin Necas.
5:10 of 2nd period - Shot Misses the Net.
5:12 of 2nd period - Shot by Dylan Larkin.
5:12 of 2nd period - Stopped by Ilya Sorokin without a rebound.
5:13 of 2nd period - Mathew Barzal wins face-off versus Vincent Trocheck in BOISE CARIBOUS zone.
5:32 of 2nd period - Shot by Tim Stutzle.
5:32 of 2nd period - Shot Blocked by Joshua Morrissey.
5:54 of 2nd period - Shot by Mitchell Marner.
5:54 of 2nd period - Shot Misses the Net.
6:42 of 2nd period - Shot by Artturi Lehkonen.
6:42 of 2nd period - Stopped by Juuse Saros with a rebound.
6:44 of 2nd period - Shot by Jean-Gabriel Pageau.
6:44 of 2nd period - Shot Blocked by Cody Ceci.
7:33 of 2nd period - Shot by Charlie Coyle.
7:33 of 2nd period - Stopped by Juuse Saros with a rebound.
7:53 of 2nd period - Shot by Gabriel Vilardi.
7:53 of 2nd period - Stopped by Juuse Saros with a rebound.
7:57 of 2nd period - Shot by Charlie Coyle.
7:57 of 2nd period - Shot Blocked by Dylan Larkin.
8:43 of 2nd period - Shot by Rasmus Andersson.
8:43 of 2nd period - Stopped by Juuse Saros without a rebound.
8:44 of 2nd period - Vincent Trocheck wins face-off versus Mathew Barzal in SALEM BLACK JAYS zone.
8:48 of 2nd period - Icing by Joshua Morrissey.
8:49 of 2nd period - Vincent Trocheck wins face-off versus Mathew Barzal in SALEM BLACK JAYS zone.
9:06 of 2nd period - Shot by Vincent Trocheck.
9:06 of 2nd period - Stopped by Juuse Saros with a rebound.
9:16 of 2nd period - Shot by Mathew Barzal.
9:16 of 2nd period - Shot Blocked by Marcus Pettersson.
9:18 of 2nd period - Shot by Mitchell Marner.
9:18 of 2nd period - Deflect By Mikko Rantanen.
9:18 of 2nd period - Shot Blocked by Marcus Pettersson.
9:20 of 2nd period - Shot by Mitchell Marner.
9:20 of 2nd period - Goal by Mitchell Marner - BOISE CARIBOUS : 3 - SALEM BLACK JAYS : 2.
9:21 of 2nd period - Jean-Gabriel Pageau wins face-off versus Dylan Cozens in neutral zone.
9:45 of 2nd period - Shot by Dylan Cozens.
9:45 of 2nd period - Shot Blocked by Artturi Lehkonen.
11:51 of 2nd period - Icing by Marcus Pettersson.
11:52 of 2nd period - Dylan Cozens wins face-off versus Vincent Trocheck in BOISE CARIBOUS zone.
11:52 of 2nd period - Dylan Cozens is hit by Marcus Pettersson.
12:33 of 2nd period - Shot by Rasmus Dahlin.
12:33 of 2nd period - Shot Misses the Net.
12:35 of 2nd period - Shot by Rasmus Andersson.
12:35 of 2nd period - Shot Misses the Net.
12:39 of 2nd period - Shot by Lawson Crouse.
12:39 of 2nd period - Shot Blocked by Cody Ceci.
12:41 of 2nd period - Shot by Rasmus Dahlin.
12:41 of 2nd period - Shot Misses the Net.
12:43 of 2nd period - Shot by Charlie Coyle.
12:43 of 2nd period - Stopped by Juuse Saros without a rebound.
12:44 of 2nd period - Jesperi Kotkaniemi wins face-off versus Mathew Barzal in SALEM BLACK JAYS zone.
13:05 of 2nd period - Shot by Joshua Morrissey.
13:05 of 2nd period - Stopped by Ilya Sorokin with a rebound.
13:11 of 2nd period - Shot by Rasmus Andersson.
13:11 of 2nd period - Shot Misses the Net.
13:18 of 2nd period - Kaapo Kakko is hit by Nick Jensen and loses puck.
13:43 of 2nd period - Minor Penalty to Barrett Hayton for Elbowing.
13:43 of 2nd period - Minor Penalty to Troy Stecher for Interference.
13:44 of 2nd period - Dylan Larkin wins face-off versus Jesperi Kotkaniemi in BOISE CARIBOUS zone.
13:49 of 2nd period - Shot by Dylan Larkin.
13:49 of 2nd period - Shot Misses the Net.
14:12 of 2nd period - Icing by Marcus Pettersson.
14:13 of 2nd period - Mikko Rantanen wins face-off versus Jesperi Kotkaniemi in BOISE CARIBOUS zone.
14:32 of 2nd period - Shot by Mikko Rantanen.
14:32 of 2nd period - Shot Blocked by Marcus Pettersson.
14:58 of 2nd period - Shot by Martin Necas.
14:58 of 2nd period - Deflect By Dylan Larkin.
14:58 of 2nd period - Shot Blocked by Charlie Coyle.
15:09 of 2nd period - Icing by Rasmus Dahlin.
15:10 of 2nd period - Charlie Coyle wins face-off versus Dylan Larkin in BOISE CARIBOUS zone.
15:14 of 2nd period - Icing by Rasmus Andersson.
15:15 of 2nd period - Charlie Coyle wins face-off versus Dylan Larkin in BOISE CARIBOUS zone.
16:38 of 2nd period - Tim Stutzle is hit by Filip Chytil and loses puck.
17:03 of 2nd period - Shot by Mathew Barzal.
17:03 of 2nd period - Shot Misses the Net.
17:05 of 2nd period - Shot by Mitchell Marner.
17:05 of 2nd period - Stopped by Ilya Sorokin without a rebound.
17:06 of 2nd period - Dylan Larkin wins face-off versus Charlie Coyle in BOISE CARIBOUS zone.
18:16 of 2nd period - Shot by Mitchell Marner.
18:16 of 2nd period - Shot Misses the Net.
18:28 of 2nd period - Shot by Mikko Rantanen.
18:28 of 2nd period - Shot Misses the Net.
19:18 of 2nd period - Shot by Artturi Lehkonen.
19:18 of 2nd period - Shot Blocked by Colin Miller.
19:33 of 2nd period - Shot by Matt Duchene.
19:33 of 2nd period - Shot Misses the Net.
Goals for this period are 1 for BOISE CARIBOUS vs 1 for SALEM BLACK JAYS.
Shots for this period are 9 for BOISE CARIBOUS vs 8 for SALEM BLACK JAYS.

3rd period


0:01 of 3rd period - Mathew Barzal wins face-off versus Charlie Coyle in neutral zone.
0:31 of 3rd period - Mikko Rantanen is hit by Rasmus Dahlin and loses puck.
0:46 of 3rd period - Shot by Charlie Coyle.
0:46 of 3rd period - Shot Misses the Net.
1:10 of 3rd period - Shot by Tim Stutzle.
1:10 of 3rd period - Deflect By Nick Schmaltz.
1:10 of 3rd period - Stopped by Juuse Saros with a rebound.
1:14 of 3rd period - Shot by Tim Stutzle.
1:14 of 3rd period - Shot Misses the Net.
1:16 of 3rd period - Shot by Tim Stutzle.
1:16 of 3rd period - Stopped by Juuse Saros without a rebound.
1:17 of 3rd period - Jean-Gabriel Pageau wins face-off versus Dylan Cozens in SALEM BLACK JAYS zone.
1:28 of 3rd period - Shot by Artturi Lehkonen.
1:28 of 3rd period - Shot Misses the Net.
1:49 of 3rd period - Shot by Daniel Sprong.
1:49 of 3rd period - Stopped by Ilya Sorokin with a rebound.
1:55 of 3rd period - Shot by Daniel Sprong.
1:55 of 3rd period - Stopped by Ilya Sorokin without a rebound.
1:56 of 3rd period - Vincent Trocheck wins face-off versus Martin Necas in BOISE CARIBOUS zone.
2:12 of 3rd period - Shot by Dylan Larkin.
2:12 of 3rd period - Shot Misses the Net.
2:39 of 3rd period - Shot by Martin Necas.
2:39 of 3rd period - Shot Blocked by Marcus Pettersson.
3:49 of 3rd period - Shot by Josh Archibald.
3:49 of 3rd period - Shot Misses the Net.
3:51 of 3rd period - Shot by Daniel Sprong.
3:51 of 3rd period - Deflect By Dylan Cozens.
3:51 of 3rd period - Shot Misses the Net.
3:53 of 3rd period - Shot by Colin Miller.
3:53 of 3rd period - Stopped by Ilya Sorokin without a rebound.
3:54 of 3rd period - Artturi Lehkonen wins face-off versus Theodor Blueger in BOISE CARIBOUS zone.
4:43 of 3rd period - Shot by Matt Duchene.
4:43 of 3rd period - Shot Blocked by Matt Benning.
5:11 of 3rd period - Shot by Gabriel Vilardi.
5:11 of 3rd period - Stopped by Juuse Saros without a rebound.
5:12 of 3rd period - Jesperi Kotkaniemi wins face-off versus Mitchell Marner in SALEM BLACK JAYS zone.
5:29 of 3rd period - Shot by Mathew Barzal.
5:29 of 3rd period - Shot Blocked by Dylan DeMelo.
5:36 of 3rd period - Icing by Troy Stecher.
5:37 of 3rd period - Dylan Larkin wins face-off versus Jesperi Kotkaniemi in BOISE CARIBOUS zone.
5:53 of 3rd period - Martin Necas is hit by Dylan DeMelo and loses puck.
6:38 of 3rd period - Shot by Charlie Coyle.
6:38 of 3rd period - Shot Misses the Net.
7:54 of 3rd period - Matt Duchene is hit by Colin Miller and loses puck.
9:26 of 3rd period - Icing by Troy Stecher.
9:27 of 3rd period - Vincent Trocheck wins face-off versus Mathew Barzal in BOISE CARIBOUS zone.
9:56 of 3rd period - Shot by Mathew Barzal.
9:56 of 3rd period - Stopped by Ilya Sorokin without a rebound.
9:57 of 3rd period - Jesperi Kotkaniemi wins face-off versus Filip Chytil in BOISE CARIBOUS zone.
9:57 of 3rd period - Jesperi Kotkaniemi is hit by Maxime Comtois.
11:04 of 3rd period - Shot by Artturi Lehkonen.
11:04 of 3rd period - Stopped by Juuse Saros without a rebound.
11:05 of 3rd period - Vincent Trocheck wins face-off versus Mathew Barzal in SALEM BLACK JAYS zone.
11:26 of 3rd period - Shot by Tim Stutzle.
11:26 of 3rd period - Deflect By Nick Schmaltz.
11:26 of 3rd period - Stopped by Juuse Saros with a rebound.
11:49 of 3rd period - Tim Stutzle is hit by Mikko Rantanen and loses puck.
12:36 of 3rd period - Shot by Dylan Larkin.
12:36 of 3rd period - Stopped by Ilya Sorokin without a rebound.
12:37 of 3rd period - Jean-Gabriel Pageau wins face-off versus Dylan Cozens in BOISE CARIBOUS zone.
12:50 of 3rd period - Shot by Jean-Gabriel Pageau.
12:50 of 3rd period - Stopped by Juuse Saros without a rebound.
12:51 of 3rd period - Filip Chytil wins face-off versus Charlie Coyle in SALEM BLACK JAYS zone.
13:15 of 3rd period - Lawson Crouse is hit by Nick Jensen and loses puck.
14:16 of 3rd period - Shot by Jean-Gabriel Pageau.
14:16 of 3rd period - Stopped by Juuse Saros without a rebound.
14:17 of 3rd period - Mathew Barzal wins face-off versus Jesperi Kotkaniemi in SALEM BLACK JAYS zone.
14:17 of 3rd period - Mathew Barzal is hit by Jesperi Kotkaniemi.
15:29 of 3rd period - Shot by Dylan Larkin.
15:29 of 3rd period - Shot Misses the Net.
15:56 of 3rd period - Off-side.
15:57 of 3rd period - Charlie Coyle wins face-off versus Dylan Cozens in neutral zone.
15:57 of 3rd period - Charlie Coyle is hit by Josh Archibald.
16:01 of 3rd period - Shot by Lawson Crouse.
16:01 of 3rd period - Shot Blocked by Joshua Morrissey.
16:11 of 3rd period - Shot by Dylan Cozens.
16:11 of 3rd period - Shot Misses the Net.
16:13 of 3rd period - Shot by Joshua Morrissey.
16:13 of 3rd period - Stopped by Ilya Sorokin with a rebound.
16:26 of 3rd period - Daniel Sprong is hit by Dylan DeMelo and loses puck.
16:35 of 3rd period - Shot by Dylan Cozens.
16:35 of 3rd period - Shot Misses the Net.
16:54 of 3rd period - Mitchell Marner is hit by Dylan DeMelo.
17:14 of 3rd period - Shot by Mikko Rantanen.
17:14 of 3rd period - Goal by Mikko Rantanen - BOISE CARIBOUS : 3 - SALEM BLACK JAYS : 3.
17:15 of 3rd period - Dylan Larkin wins face-off versus Jean-Gabriel Pageau in neutral zone.
17:29 of 3rd period - Shot by Artturi Lehkonen.
17:29 of 3rd period - Deflect By Matt Duchene.
17:29 of 3rd period - Stopped by Juuse Saros without a rebound.
17:30 of 3rd period - Vincent Trocheck wins face-off versus Filip Chytil in SALEM BLACK JAYS zone.
18:01 of 3rd period - Nick Jensen is hit by Vincent Trocheck and loses puck.
18:46 of 3rd period - Shot by Dylan Larkin.
18:46 of 3rd period - Goal by Dylan Larkin - BOISE CARIBOUS : 3 - SALEM BLACK JAYS : 4.
18:47 of 3rd period - Jesperi Kotkaniemi wins face-off versus Mathew Barzal in neutral zone.
18:52 of 3rd period - BOISE CARIBOUS, Ilya Sorokin is pulled from the net.
19:08 of 3rd period - Matt Benning is hit by Jesperi Kotkaniemi and loses puck.
19:12 of 3rd period - Icing by Matt Benning.
19:13 of 3rd period - Vincent Trocheck wins face-off versus Mikko Rantanen in SALEM BLACK JAYS zone.
Goals for this period are 0 for BOISE CARIBOUS vs 2 for SALEM BLACK JAYS.
Shots for this period are 8 for BOISE CARIBOUS vs 8 for SALEM BLACK JAYS.


BLAKE
WHEELER
STEVEN
STAMKOS
DREW
DOUGHTY

EAST COAST

HOCKEY LEAGUE

  • 63.RHI2PIT5
  • 64.WOR4ATL3
  • 65.QUECHW
  • 66.CHATRV